[Event "Schack-SM 2023: Mastarklassen"]
[Site "Helsingborg Arena, Mellersta Stenbocksgatan 14, Helsingborg, Sweden"]
[Date "2023.07.06"]
[Round "6.3"]
[White "Soppela, Toni"]
[Black "Cederstam, Carl"]
[Result "0-1"]
[TimeControl "90 minutes for 40 moves + 30 minutes for the rest of games + 30 seconds per move from move one."]
[BlackTitle "FM"]
[WhiteElo "2032"]
[BlackElo "2196"]

1. d4 Nf6 2. c4 g6 3. Nc3 d5 4. cxd5 Nxd5 5. e4 Nxc3 6. bxc3 Bg7 7. Nf3 c5 8. Bb5+ Nc6 9. Rb1 O-O 10.
d5 Ne5 11. O-O Qd6 12. Nd2 Ng4 13. g3 f5 14. Be2 Nf6 15. exf5 Bxf5 16. Rxb7 Nxd5 17. Qb3 Kh8 18. c4 Nc3 19.
Bf3 Bc8 20. Rb6 axb6 21. Bxa8 Ne2+ 22. Kh1 Nxc1 0-1

[ePGN "0.1;DGT LiveChess/2.2.5"]

[Event "Schack-SM 2023: Veteran-SM 65+"]
[Site "Helsingborg Arena, Mellersta Stenbocksgatan 14, Helsingborg, Sweden"]
[Date "2023.07.06"]
[Round "6.1"]
[White "Soderberg, Per"]
[Black "Ivarsson, Torbjorn"]
[Result "1-0"]
[TimeControl "90 minutes for 40 moves + 30 minutes for the rest of games + 30 seconds per move from move one."]
[WhiteTitle "CM"]
[WhiteElo "2111"]
[BlackElo "2073"]

1. e4 e6 2. d4 d5 3. Nc3 Nf6 4. e5 Nfd7 5. f4 c5 6. Nf3 Nc6 7. Be3 a6 8. Ne2 Be7 9. c3 b5 10.
dxc5 Nxc5 11. Ned4 Nxd4 12. Bxd4 Qc7 13. g3 Bd7 14. Bg2 Rb8 15. a3 a5 16. b4 Na4 17. Qd2 Rc8 18. O-O Nxc3 19. Rfc1 axb4 20. axb4 Bxb4 21. Qb2 Ba5 22.
Rxa5 Qxa5 23. Rxc3 O-O 24. Ra3 Qc7 25. Ra7 Qc6 26. h4 Ra8 27. Bf1 Rxa7 28. Bxa7 Ra8 29. Bf2 Ra5 30. Nd4 Qc7 31.
Nb3 Ra8 32. Nc5 Bc6 33. h5 h6 34. Bd4 Qa5 35. Nd3 Qa4 36. Nb4 Be8 37. Bc5 Qd1 38. Qe2 Qb3 39. Kh2 Ra3 40. Qg4 Qb2+ 41. Bg2 Qc3 42. Be7 Kh7 43.
Bf8 g6 44. hxg6+ fxg6 45. Qh4 Kg8 46. Bd6 Bf7 47. Nc6 Ra2 48. Ne7+ Kh7 49. Qf6 Be8 50. Qf8 1-0

[ePGN "0.1;DGT LiveChess/2.2.5"]

[Event "Schack-SM 2023: Veteran-SM 50+"]
[Site "Helsingborg Arena, Mellersta Stenbocksgatan 14, Helsingborg, Sweden"]
[Date "2023.07.06"]
[Round "6.1"]
[White "Wahlund, Max"]
[Black "Petersson, Kjell"]
[Result "1-0"]
[TimeControl "90 minutes for 40 moves + 30 minutes for the rest of games + 30 seconds per move from move one."]
[WhiteTitle "CM"]
[BlackTitle "CM"]
[WhiteElo "2002"]
[BlackElo "2061"]

1. d4 f5 2. Bg5 h6 3. Bh4 g5 4. e3 Bg7 5. Qh5+ Kf8 6. Bg3 c5 7. Nc3 Nf6 8. Qg6 cxd4 9. Nb5 Qa5+ 10.
Kd1 dxe3 11. fxe3 d6 12. Nf3 Nc6 13. Bc4 d5 14. Bd3 Ng4 15. Nc7 Nxe3+ 16. Ke2 Bd7 17. Nxa8 f4 18. Bf2 g4 19. Bxe3 gxf3+ 20. gxf3 fxe3 21.
Kxe3 Bxb2 22. Rab1 Qc5+ 23. Ke2 Nd4+ 24. Kd1 Qc3 25. Qg3 Nf5 26. Qb8+ Kg7 27. Qxb7 Ba3 28. Qxd7 Ne3+ 29. Ke2 Qe5 30. Rhg1+ Kf7 31.
f4 Qh5+ 32. Kxe3 Bc5+ 33. Kd2 Qxh2+ 34. Kc3 Bd4+ 35. Kxd4 Qxf4+ 36. Kxd5 Rd8 37. Qxd8 e6+ 38. Kc6 1-0

[Event "Schack-SM 2023: Sverigemastarklassen"]
[Site "Helsingborg Arena, Mellersta Stenbocksgatan 14, Helsingborg, Sweden"]
[Date "2023.07.06"]
[Round "6.3"]
[White "Hector, Jonny"]
[Black "Seo, Jung Min"]
[Result "1/2-1/2"]
[TimeControl "90 minutes for 40 moves + 30 minutes for the rest of the game + 30 seconds per move from move one."]
[WhiteTitle "GM"]
[BlackTitle "IM"]
[WhiteElo "2481"]
[BlackElo "2469"]

1. e4 c5 2. Nf3 d6 3. d4 cxd4 4. Nxd4 Nf6 5. Nc3 a6 6. Bg5 Nbd7 7. f4 Qc7 8. Qf3 h6 9. Bxf6 Nxf6 10. f5 Qc5 11. Nb3 Qe5 12. Nd2 e6 13.
O-O-O b5 14. Bd3 Bd7 15. Qe3 Be7 16. Rhe1 Rc8 17. Nf3 Qc5 18. Qxc5 dxc5 19. e5 Nh7 20. fxe6 Bxe6 21. Bxh7 Rxh7 22.
Ne4 Rd8 23. Nd6+ Kf8 24. a3 h5 25. b4 cxb4 26. axb4 Rh6 27. h3 Rg6 28. Re2 Rh6 29. Rd4 g5 30. g4 hxg4 31. hxg4 Rh3 32.
Ne1 Rh1 33. Kd2 Kg7 34. Nd3 Rg1 35. Ree4 Kg6 36. Nc5 Ra1 37. Nxe6 fxe6 38. Re2 Rf8 39. Rh2 Rg1 40. Kc3 Rf4 41.
Rh8 Rxd4 42. Kxd4 Rxg4+ 43. Ke3 Rg3+ 44. Kd4 Rg4+ 45. Ke3 Rg3+ 46. Kd4 Rg4+ 1/2-1/2

[Event "Schack-SM 2023: Mastarklassen-elit"]
[Site "Helsingborg Arena, Mellersta Stenbocksgatan 14, Helsingborg, Sweden"]
[Date "2023.07.06"]
[Round "6.2"]
[White "Crevatin, Leo"]
[Black "Soderstrom, Adrian"]
[Result "1/2-1/2"]
[TimeControl "90 minutes for 40 moves + 30 minutes for the rest of games + 30 seconds per move from move one."]
[WhiteTitle "FM"]
[BlackTitle "FM"]
[WhiteElo "2265"]
[BlackElo "2311"]

1. d4 d5 2. c4 c6 3. Nf3 Nf6 4. Qc2 dxc4 5. e4 b5 6. b3 cxb3 7. axb3 e6 8. Bd3 a5 9. O-O Na6 10.
Qxc6+ Bd7 11. Qb7 Nb4 12. Bxb5 Rb8 13. Bxd7+ Nxd7 14. Qa7 Ra8 1/2-1/2

[Event "Schack-SM 2023: Junior-SM"]
[Site "Helsingborg Arena, Mellersta Stenbocksgatan 14, Helsingborg, Sweden"]
[Date "2023.07.06"]
[Round "6.5"]
[White "Lindholm, Gustav"]
[Black "Carlsson, Ludvig"]
[Result "1/2-1/2"]
[TimeControl "90 minutes for 40 moves + 30 minutes for the rest of the game + 30 seconds per move from move one."]
[BlackTitle "IM"]
[WhiteElo "2155"]
[BlackElo "2373"]

1. d4 d5 2. c4 e6 3. Nc3 Nf6 4. Nf3 c5 5. cxd5 Nxd5 6. e4 Nxc3 7. bxc3 cxd4 8. cxd4 Bb4+ 9. Bd2 Bxd2+ 10. Qxd2 O-O 11. Bb5 Bd7 12. Bxd7 Nxd7 13. O-O Rc8 14. Rfc1 h6 15. h3 Nf6 16. Rxc8 Qxc8 17. Rc1 Qa8 18.
Rc7 Nxe4 19. Qb4 b6 20. Qe7 Qd8 21. Qxd8 Rxd8 22. Rxa7 Rc8 23. Ne5 f6 24. Nd7 b5 25. Rb7 Nc3 26.
Nc5 Ne2+ 27. Kf1 Nxd4 28. Nb3 Nxb3 29. axb3 Rc5 30. Ke2 Rd5 31. Ke3 Kh7 32. h4 h5 33. g3 Kg6 34. Ke4 f5+ 35.
Ke3 Kf6 36. b4 g5 37. hxg5+ Kxg5 38. Rg7+ Kf6 39. Rb7 Ke5 40. Rb6 Kf6 41. Rb7 Kg6 42. Rb6 Kf7 43. Rb7+ Kf6 44. f4 Kg6 45.
Re7 Rd6 46. Rb7 Ra6 47. Rxb5 Ra3+ 48. Kf2 h4 49. gxh4 Rb3 50. Rb6 Kh5 51. Rxe6 Rxb4 52. Kf3 Rb3+ 53. Re3 Rxe3+ 54. Kxe3 Kxh4 55.
Kf2 Kg4 56. Kg2 Kxf4 57. Kf2 Ke4 58. Ke2 f4 59. Kf2 f3 60. Kf1 Ke3 1/2-1/2

[Event "Schack-SM 2023: Mastarklassen"]
[Site "Helsingborg Arena, Mellersta Stenbocksgatan 14, Helsingborg, Sweden"]
[Date "2023.07.06"]
[Round "6.4"]
[White "Frisk, Ellinor"]
[Black "Nilsson, Patrik 1978"]
[Result "1-0"]
[TimeControl "90 minutes for 40 moves + 30 minutes for the rest of games + 30 seconds per move from move one."]
[WhiteTitle "WIM"]
[WhiteElo "2178"]
[BlackElo "2167"]

1. Nf3 f5 2. d3 Nf6 3. e4 d6 4. exf5 Bxf5 5. d4 Qd7 6. Bd3 Nc6 7. Bxf5 Qxf5 8. O-O O-O-O 9. c4 e5 10.
d5 Ne7 11. Ng5 Rd7 12. Nc3 Kb8 13. Qa4 Nc8 14. Be3 Ne8 15. Ne6 Qf7 16. Nb5 a6 17. Nc3 g6 18. b4 Ng7 19. Ng5 Qe7 20.
b5 axb5 21. Nxb5 c5 22. Rab1 b6 23. Qa6 h6 24. Ne4 Ne8 25. a4 Rb7 26. a5 bxa5 27. Qxa5 Nc7 28. Nbxd6 Nxd6 29. Bxc5 Qd8 30.
Qa7+ Kc8 31. Nxd6+ Bxd6 32. Qxb7+ Kd7 33. Bxd6 Kxd6 34. Qc6+ 1-0

[Event "Schack-SM 2023: Veteran-SM 65+"]
[Site "Helsingborg Arena, Mellersta Stenbocksgatan 14, Helsingborg, Sweden"]
[Date "2023.07.06"]
[Round "6.2"]
[White "Hedin, Gunnar"]
[Black "Franzen Hogberg, Thomas"]
[Result "1/2-1/2"]
[TimeControl "90 minutes for 40 moves + 30 minutes for the rest of games + 30 seconds per move from move one."]
[WhiteElo "2093"]
[BlackElo "1998"]

1. d4 Nf6 2. c4 e6 3. Nc3 Bb4 4. e3 O-O 5. Bd3 c5 6. Nge2 d5 7. cxd5 Nxd5 8. O-O cxd4 9. exd4 Nf6 10.
Bg5 Be7 11. Bc2 Nc6 12. a3 Qa5 13. Bxf6 Bxf6 14. Ne4 Qd8 15. Qd3 g6 16. Nxf6+ Qxf6 17. Rfd1 Rd8 18. Qe3 Ne7 19. Nc3 Bd7 20. Be4 Bc6 21.
Bxc6 Nxc6 22. d5 exd5 23. Nxd5 Qxb2 24. Rac1 Qe5 25. Qxe5 Nxe5 26. Rc7 Kg7 27. Rxb7 Rac8 28. f4 Ng4 29. Rbb1 Rc5 30. Ne3 Rxd1+ 31. Nxd1 Nf6 32. Kf1 Nd5 33. g3 Rc2 34. Rb5 Nb6 35. Rb2 Rc1 36. Ke2 Nc4 37. Ra2 a5 38. Kd3 Rxd1+ 39. Kxc4 Rb1 40.
Rd2 a4 41. Rd3 h5 42. Kc5 Rb3 43. Kc4 Rb2 44. h4 Rb7 45. Rd5 1/2-1/2

[Event "Schack-SM 2023: Veteran-SM 50+"]
[Site "Helsingborg Arena, Mellersta Stenbocksgatan 14, Helsingborg, Sweden"]
[Date "2023.07.06"]
[Round "6.2"]
[White "Nilsson, Patrik 1968"]
[Black "Karlsson, Ulf"]
[Result "1/2-1/2"]
[TimeControl "90 minutes for 40 moves + 30 minutes for the rest of games + 30 seconds per move from move one."]
[WhiteElo "1931"]
[BlackElo "1968"]

1. e4 c5 2. Nf3 Nc6 3. Nc3 e5 4. Bc4 Be7 5. d3 d6 6. Nd2 Nf6 7. Nf1 O-O 8. Bg5 Na5 9. Bxf6 Bxf6 10.
Ne3 Be6 11. Ncd5 Bg5 12. O-O Qd7 13. a4 Nc6 14. c3 Ne7 15. Qh5 Bxe3 16. Nxe3 Bxc4 1/2-1/2

[Event "Schack-SM 2023: Sverigemastarklassen"]
[Site "Helsingborg Arena, Mellersta Stenbocksgatan 14, Helsingborg, Sweden"]
[Date "2023.07.06"]
[Round "6.4"]
[White "Hillarp Persson, Tiger"]
[Black "Sivuk, Vitaly"]
[Result "1/2-1/2"]
[TimeControl "90 minutes for 40 moves + 30 minutes for the rest of the game + 30 seconds per move from move one."]
[WhiteTitle "GM"]
[BlackTitle "GM"]
[WhiteElo "2493"]
[BlackElo "2432"]

1. c4 e6 2. Nf3 d5 3. d4 Nf6 4. g3 Bb4+ 5. Bd2 Be7 6. Bg2 O-O 7. O-O c6 8. Qc2 b6 9. Bf4 Bb7 10.
Rd1 Nbd7 11. Nc3 dxc4 12. Nd2 Nd5 13. Nxc4 Nxf4 14. gxf4 Qc7 15. e3 Rad8 16. a3 c5 17. d5 exd5 18.
Bxd5 Nf6 19. Bxb7 Qxb7 20. Rxd8 Rxd8 21. Rd1 Rxd1+ 22. Qxd1 b5 23. Qb3 a6 24. a4 Ng4 25. h3 Qf3 26.
hxg4 Qxg4+ 27. Kf1 Qh3+ 28. Ke2 Qg4+ 29. Kf1 Qh3+ 30. Ke2 Qg4+ 1/2-1/2

[Event "Schack-SM 2023: Mastarklassen-elit"]
[Site "Helsingborg Arena, Mellersta Stenbocksgatan 14, Helsingborg, Sweden"]
[Date "2023.07.06"]
[Round "6.3"]
[White "Torngren, Gustav"]
[Black "Thorn, Eric"]
[Result "0-1"]
[TimeControl "90 minutes for 40 moves + 30 minutes for the rest of games + 30 seconds per move from move one."]
[WhiteTitle "FM"]
[BlackTitle "FM"]
[WhiteElo "2297"]
[BlackElo "2379"]

1. d4 d5 2. c4 dxc4 3. e4 b5 4. a4 c6 5. axb5 cxb5 6. Nc3 Qb6 7. Nd5 Qb7 8. Bf4 e5 9. Bxe5 Nd7 10.
Bf4 Ngf6 11. Nc7+ Kd8 12. Nxa8 Qxe4+ 13. Ne2 Qxa8 14. Nc3 Bb4 15. Be2 Qxg2 16. Bf3 Re8+ 17. Be5 Qh3 18. Qe2 Bxc3+ 19. bxc3 Bb7 20. Bxb7 Qxc3+ 21. Kf1 Qxa1+ 22. Kg2 Qxd4 23. Bxd4 Rxe2 24. Rb1 Ne8 25. Bf3 Ra2 26. Rxb5 Nd6 27.
Rd5 Ke7 28. Bxg7 f6 29. Bh6 Ne5 30. Bh5 Ne4 31. Rb5 Rxf2+ 32. Kh3 c3 33. Rb7+ Kd6 34. Bf8+ Kc6 35. Rxa7 c2 36. Be8+ Kb6 37.
Ra1 Rd2 38. Ba4 Nc3 39. Bxc2 Rxc2 40. Bg7 Rf2 0-1

[Event "Schack-SM 2023: Mastarklassen"]
[Site "Helsingborg Arena, Mellersta Stenbocksgatan 14, Helsingborg, Sweden"]
[Date "2023.07.06"]
[Round "6.5"]
[White "Sundin, Emanuel"]
[Black "Liden, Tommy"]
[Result "1-0"]
[TimeControl "90 minutes for 40 moves + 30 minutes for the rest of games + 30 seconds per move from move one."]
[WhiteElo "2103"]
[BlackElo "2107"]

1. e4 c5 2. Nc3 d6 3. d4 cxd4 4. Qxd4 Nc6 5. Qd2 g6 6. b3 Bh6 7. f4 f5 8. Bb2 Nf6 9. O-O-O fxe4 10.
Kb1 Rf8 11. h3 Nd7 12. g3 Nc5 13. Bg2 a5 14. Nxe4 Nxe4 15. Bxe4 a4 16. Rh2 axb3 17. cxb3 Be6 18. Re2 Qd7 19.
Nf3 Rf7 20. Nd4 Nxd4 21. Qxd4 Bg7 22. Qb6 Bxb2 23. Qxb7 Rc8 24. Kxb2 Bxh3 25. Rh1 Bf5 26. Qxd7+ Kxd7 27. a4 e6 28. b4 Rc4 29. Bxf5 gxf5 30. Kb3 Re4 31. Rc2 Re3+ 32. Rc3 Rxc3+ 33. Kxc3 Rg7 34. Kc4 Kc6 35. b5+ Kb6 36.
Kb4 Rxg3 37. Rxh7 1-0

[Event "Schack-SM 2023: Veteran-SM 65+"]
[Site "Helsingborg Arena, Mellersta Stenbocksgatan 14, Helsingborg, Sweden"]
[Date "2023.07.06"]
[Round "6.3"]
[White "Malmdin, Nils-Ake"]
[Black "Carlsson, Ingvar"]
[Result "0-1"]
[TimeControl "90 minutes for 40 moves + 30 minutes for the rest of games + 30 seconds per move from move one."]
[WhiteTitle "FM"]
[WhiteElo "2091"]
[BlackElo "1998"]

1. e4 e6 2. d4 d5 3. Nc3 Nf6 4. exd5 exd5 5. Bg5 Be7 6. Qd2 O-O 7. O-O-O c6 8. h4 b5 9. f3 a5 10.
Bd3 a4 11. Re1 b4 12. Nd1 Ba6 13. Ne3 b3 14. a3 Bxd3 15. Qxd3 bxc2 16. Nf5 Re8 17. Nh3 Nbd7 18. Nf2 Bf8 19.
Rxe8 Qxe8 20. Qxc2 c5 21. Nd3 cxd4 22. Re1 Qb8 23. Nxd4 Qb7 24. Bd2 Rc8 25. Bc3 Nb6 26. Nb4 h6 27.
g4 Bxb4 28. axb4 a3 29. b3 Qc7 30. Kd2 Qf4+ 31. Kd3 Nfd7 32. Qe2 a2 33. Nf5 Kh8 34. Bxg7+ Kh7 35. Bc3 Nc4 36. Nd4 Nce5+ 37. Kc2 Qxd4 0-1

[Event "Schack-SM 2023: Veteran-SM 50+"]
[Site "Helsingborg Arena, Mellersta Stenbocksgatan 14, Helsingborg, Sweden"]
[Date "2023.07.06"]
[Round "6.3"]
[White "Moborn, Anders"]
[Black "Ljung, Rickard"]
[Result "1/2-1/2"]
[TimeControl "90 minutes for 40 moves + 30 minutes for the rest of games + 30 seconds per move from move one."]
[WhiteElo "1956"]
[BlackElo "1939"]

1. d4 Nf6 2. c4 g6 3. Nc3 Bg7 4. e4 O-O 5. Nf3 d6 6. h3 e5 7. d5 a5 8. Be3 Na6 9. g4 h5 10.
g5 Ne8 11. h4 Nc5 12. Nd2 f5 13. Bxc5 dxc5 14. Bh3 Nd6 15. Qe2 Bd7 16. a4 Rf7 17. O-O-O Ra6 18. f3 f4 19. Qg2 Bf8 20.
Nb5 Re7 21. Kc2 Kg7 22. Kc3 Kh7 23. Nb3 b6 24. Nc1 Bg7 25. Nd3 Ra8 26. b3 Qc8 27. Bxd7 Qxd7 28. Qh3 Qd8 29. Kc2 Qe8 30.
Rh2 Bh8 31. Rhd2 Bg7 32. Nc1 Qd8 33. Ne2 Qe8 34. Nec3 Qd8 35. Ne2 1/2-1/2

[Event "Schack-SM 2023: Sverigemastarklassen"]
[Site "Helsingborg Arena, Mellersta Stenbocksgatan 14, Helsingborg, Sweden"]
[Date "2023.07.06"]
[Round "6.5"]
[White "Blomqvist, Erik"]
[Black "Olsson, William"]
[Result "0-1"]
[TimeControl "90 minutes for 40 moves + 30 minutes for the rest of the game + 30 seconds per move from move one."]
[WhiteTitle "GM"]
[BlackTitle "FM"]
[WhiteElo "2500"]
[BlackElo "2383"]

1. e4 c5 2. Nf3 d6 3. d4 cxd4 4. Nxd4 Nf6 5. Nc3 g6 6. Be3 Bg7 7. f3 O-O 8. Qd2 Nc6 9. Bc4 Bd7 10.
O-O-O Rc8 11. Nxc6 Bxc6 12. Bb3 a5 13. a4 Qe8 14. Qe2 Nd7 15. h4 Nc5 16. Bxc5 dxc5 17. e5 e6 18. h5 Qe7 19.
f4 Rfd8 20. h6 Rxd1+ 21. Nxd1 Bf8 22. Ne3 c4 23. Qxc4 Qe8 24. Qd4 b5 25. axb5 Bxb5 26. Ng4 Qc6 27. Qd2 a4 28. Ba2 Bc4 29.
Bxc4 Qxc4 30. Kb1 a3 31. b3 a2+ 32. Kb2 Qa6 33. b4 Ra8 34. Ka1 Qa3 35. c3 Qb3 36. Rc1 Qc4 37. g3 Rc8 38.
Qxa2 Qc6 39. Qb2 Qf3 40. Nf6+ Kh8 41. Qd2 Bxh6 42. Kb2 Bg7 43. Rd1 Qxg3 44. Ne4 Qh4 45. Qe3 Qe7 46. Ra1 Rf8 47.
Ra7 Qh4 48. b5 Bh6 49. b6 Bxf4 50. Qc5 Kg7 51. Ra5 Qe1 52. Nd6 Qc1+ 53. Kb3 Be3 54. Qc6 Bxb6 55. Rb5 Qb1+ 56. Kc4 Qf1+ 57.
Kb3 Qd1+ 58. Kb4 Bf2 59. Rb7 Bg3 60. Nxf7 Rxf7 61. Rxf7+ Kxf7 62. Qc7+ Ke8 63. Qxh7 Qg4+ 64. Kc5 Bxe5 65.
Qg8+ Ke7 0-1

[Event "Schack-SM 2023: Mastarklassen-elit"]
[Site "Helsingborg Arena, Mellersta Stenbocksgatan 14, Helsingborg, Sweden"]
[Date "2023.07.06"]
[Round "6.4"]
[White "Wiedenkeller, Michael"]
[Black "Lokander, Martin"]
[Result "1/2-1/2"]
[TimeControl "90 minutes for 40 moves + 30 minutes for the rest of games + 30 seconds per move from move one."]
[WhiteTitle "IM"]
[BlackTitle "IM"]
[WhiteElo "2445"]
[BlackElo "2444"]

1. d4 Nf6 2. Bg5 Ne4 3. Bf4 c5 4. f3 Qa5+ 5. c3 Nf6 6. d5 e6 7. e4 exd5 8. exd5 d6 9. Qd2 Be7 10.
c4 Qd8 11. Ne2 O-O 12. Ng3 b5 13. Nc3 b4 14. Nd1 Ne8 15. Bd3 f5 16. Qc2 g6 17. Bd2 a5 18. a4 Bf6 19. O-O Nd7 20.
f4 Nb6 21. Rb1 Ra7 22. Nf2 Ng7 23. Rfe1 h6 24. Kh1 Raf7 25. Nh3 Bh4 26. Re2 g5 27. Rbe1 g4 28. Nf2 h5 29. Kg1 Qf6 30.
Nf1 Qg6 31. g3 Bf6 32. h4 Bd7 33. b3 Nc8 34. Bc1 Bc3 35. Bd2 Bd4 36. Be3 Bc3 37. Bd2 Bd4 38. Be3 Bc3 1/2-1/2

[Event "Schack-SM 2023: Mastarklassen"]
[Site "Helsingborg Arena, Mellersta Stenbocksgatan 14, Helsingborg, Sweden"]
[Date "2023.07.06"]
[Round "6.6"]
[White "Joensson, Jacob"]
[Black "Muntean, Victor"]
[Result "1-0"]
[TimeControl "90 minutes for 40 moves + 30 minutes for the rest of games + 30 seconds per move from move one."]
[WhiteElo "2039"]
[BlackElo "2097"]

1. d4 Nf6 2. c4 g6 3. Nc3 Bg7 4. e4 d6 5. Be2 O-O 6. Be3 e5 7. d5 Na6 8. h4 Nc5 9. Qc2 a5 10.
h5 Ne8 11. h6 Bf6 12. Nh3 Be7 13. g4 c6 14. O-O-O cxd5 15. Nxd5 Ne6 16. f4 exf4 17. Nxe7+ Qxe7 18. Nxf4 Ng5 19.
Nd5 Qd8 20. Rhf1 Be6 21. Nf6+ 1-0

[Event "Schack-SM 2023: Veteran-SM 65+"]
[Site "Helsingborg Arena, Mellersta Stenbocksgatan 14, Helsingborg, Sweden"]
[Date "2023.07.06"]
[Round "6.4"]
[White "Sigeman, Johan"]
[Black "Alquist, Erik"]
[Result "1/2-1/2"]
[TimeControl "90 minutes for 40 moves + 30 minutes for the rest of games + 30 seconds per move from move one."]
[WhiteElo "2052"]
[BlackElo "1936"]

1. d4 Nf6 2. c4 g6 3. g3 c6 4. Nf3 Bg7 5. Bg2 d5 6. b3 dxc4 7. bxc4 c5 8. e3 Nc6 9. Bb2 cxd4 10.
Nxd4 Qb6 11. Nxc6 bxc6 12. Qb3 Rb8 13. Qxb6 Rxb6 14. Bd4 Ra6 15. Nd2 O-O 16. O-O Be6 17. Rfb1 1/2-1/2

[Event "Schack-SM 2023: Veteran-SM 50+"]
[Site "Helsingborg Arena, Mellersta Stenbocksgatan 14, Helsingborg, Sweden"]
[Date "2023.07.06"]
[Round "6.4"]
[White "Eriksson, Bengt"]
[Black "Nurmi, Tommy"]
[Result "1/2-1/2"]
[TimeControl "90 minutes for 40 moves + 30 minutes for the rest of games + 30 seconds per move from move one."]
[WhiteElo "2016"]
[BlackElo "2010"]

1. d4 d5 2. Bg5 h6 3. Bh4 c6 4. e3 Qb6 5. Nf3 Bf5 6. b3 e6 7. Bd3 Bxd3 8. Qxd3 Qa6 9. c4 Bb4+ 10.
Nbd2 Nd7 11. O-O Ngf6 12. e4 Bxd2 13. Nxd2 Nxe4 14. Nxe4 dxe4 15. Qxe4 O-O 16. f4 c5 17. d5 Rfe8 18.
f5 exd5 19. Qxd5 Nf6 20. Qxc5 Re2 21. a4 Rae8 22. Rae1 Nd7 23. Qd4 Qc6 24. Qg4 Rxe1 25. Rxe1 Rxe1+ 26. Bxe1 Qb6+ 27. Kf1 Qxb3 28.
f6 Nxf6 29. Qc8+ Kh7 30. Qf5+ Kg8 31. Qc8+ Kh7 32. Qf5+ Kh8 33. Qc8+ Kh7 1/2-1/2

[Event "Schack-SM 2023: Mastarklassen-elit"]
[Site "Helsingborg Arena, Mellersta Stenbocksgatan 14, Helsingborg, Sweden"]
[Date "2023.07.06"]
[Round "6.5"]
[White "Walinder, Lars"]
[Black "Lindberg, Bengt"]
[Result "0-1"]
[TimeControl "90 minutes for 40 moves + 30 minutes for the rest of games + 30 seconds per move from move one."]
[WhiteTitle "FM"]
[BlackTitle "IM"]
[WhiteElo "2310"]
[BlackElo "2353"]

1. c4 Nf6 2. Nc3 c5 3. Nf3 e6 4. e3 a6 5. g3 d6 6. d4 Nbd7 7. Bg2 Be7 8. O-O O-O 9. b3 Rb8 10.
Qe2 b6 11. Bb2 Bb7 12. e4 cxd4 13. Nxd4 Re8 14. Rad1 Qc7 15. f4 Bf8 16. Nf3 Ba8 17. Rfe1 b5 18. cxb5 axb5 19. e5 dxe5 20.
fxe5 Bc5+ 21. Nd4 Qb6 22. Ne4 Bxe4 23. Bxe4 Nxe5 24. Kg2 Nxe4 25. Qxe4 Ng6 26. Nf3 Ra8 27. Ra1 Rad8 28. b4 Bf8 29.
a3 h6 30. Rac1 Qb8 31. Rc2 Rd5 32. Rec1 Qa8 33. Rc6 Rd6 34. Qc2 Red8 35. Rxd6 Rxd6 36. Qe2 Qb7 37. Kg1 Qd7 38. Ne5 Nxe5 39.
Qxe5 Rd5 40. Qc3 Rd3 41. Qe5 Rd2 42. Rc7 Rd1+ 43. Kg2 Qd2+ 44. Kh3 Rh1 45. g4 Re1 46. Rd7 Re3+ 0-1

[Event "Schack-SM 2023: Mastarklassen"]
[Site "Helsingborg Arena, Mellersta Stenbocksgatan 14, Helsingborg, Sweden"]
[Date "2023.07.06"]
[Round "6.7"]
[White "Mashhadi, Peyman"]
[Black "Nylen, Anders"]
[Result "1/2-1/2"]
[TimeControl "90 minutes for 40 moves + 30 minutes for the rest of games + 30 seconds per move from move one."]
[WhiteElo "2117"]
[BlackElo "2094"]

1. e4 c5 2. Nf3 d6 3. d4 cxd4 4. Nxd4 Nf6 5. Nc3 a6 6. Be2 e5 7. Nb3 Be7 8. O-O O-O 9. Be3 Be6 10.
Bf3 Qc7 11. a4 Nbd7 12. a5 Rac8 13. Re1 Rfe8 14. g3 Nc5 15. Nxc5 dxc5 16. Nd5 Nxd5 17. exd5 Bf5 18. c4 Bd6 19.
Qd2 Bg6 20. Rec1 Qe7 21. Bg2 f5 22. b4 e4 23. Rab1 h6 24. bxc5 Bxc5 25. Bxc5 Rxc5 26. Rb6 Bf7 27. Bf1 e3 28.
fxe3 Qxe3+ 29. Qxe3 Rxe3 30. d6 Re8 31. Rd1 Rd8 32. Rd4 Rxa5 33. Rxb7 Rc5 34. Kf2 Rc6 35. d7 Be6 36. Bg2 Rc5 37.
Ra7 Kf7 38. Rxa6 Rxc4 39. Rdd6 Rc2+ 40. Kf3 Bxd7 41. Bh3 Ke7 42. Rg6 Kf7 43. Rgd6 Rc3+ 44. Kf2 Rc2+ 45. Kf3 Rc3+ 46. Kf2 Ke7 47.
Rg6 Kf7 48. Rgd6 Ke7 1/2-1/2

[Event "Schack-SM 2023: Veteran-SM 65+"]
[Site "Helsingborg Arena, Mellersta Stenbocksgatan 14, Helsingborg, Sweden"]
[Date "2023.07.06"]
[Round "6.5"]
[White "Westin, Ake"]
[Black "Blomstrom, Lars"]
[Result "0-1"]
[TimeControl "90 minutes for 40 moves + 30 minutes for the rest of games + 30 seconds per move from move one."]
[WhiteElo "2009"]
[BlackElo "2021"]

1. e4 e5 2. Nc3 Nc6 3. g3 Bc5 4. Bg2 Nf6 5. Nge2 d6 6. O-O a6 7. h3 h5 8. Kh2 h4 9. f4 Ng4+ 10.
Kh1 hxg3 11. Nxg3 Nf2+ 12. Rxf2 Bxf2 13. Qf3 Bxg3 14. Qxg3 Qh4 15. Qxh4 Rxh4 16. f5 Ne7 17. d3 f6 18.
Be3 Bd7 0-1

[Event "Schack-SM 2023: Veteran-SM 50+"]
[Site "Helsingborg Arena, Mellersta Stenbocksgatan 14, Helsingborg, Sweden"]
[Date "2023.07.06"]
[Round "6.5"]
[White "Johansson, Ingemar 1966"]
[Black "Andersson, Bjorn 1961"]
[Result "1-0"]
[TimeControl "90 minutes for 40 moves + 30 minutes for the rest of games + 30 seconds per move from move one."]
[WhiteElo "1839"]
[BlackElo "1791"]

1. c4 c6 2. g3 Nf6 3. Bg2 d5 4. Nf3 h6 5. O-O Bf5 6. b3 g5 7. Bb2 Bg7 8. d3 O-O 9. Nbd2 Nbd7 10.
Re1 Re8 11. e4 dxe4 12. dxe4 Nxe4 13. Bxg7 Nxd2 14. Nd4 Be4 15. Qxd2 Bxg2 16. Bxh6 f6 17. Kxg2 e5 18. Qc2 Qe7 19.
Qg6+ Kh8 20. Nf5 Rg8 21. Nxe7 Rxg6 22. Nxg6+ Kh7 23. Nf8+ Nxf8 24. Bxf8 Rxf8 1-0

[Event "Schack-SM 2023: Mastarklassen"]
[Site "Helsingborg Arena, Mellersta Stenbocksgatan 14, Helsingborg, Sweden"]
[Date "2023.07.06"]
[Round "6.8"]
[White "Franzen, Per-Erik"]
[Black "Persson, Lars 1971"]
[Result "1-0"]
[TimeControl "90 minutes for 40 moves + 30 minutes for the rest of games + 30 seconds per move from move one."]
[WhiteElo "2025"]
[BlackElo "1941"]

1. c4 e5 2. Nc3 d6 3. g3 Nf6 4. Bg2 Be7 5. Nf3 c6 6. d3 O-O 7. O-O Qc7 8. a3 Bg4 9. Be3 Nbd7 10.
Rc1 Bh5 11. h3 Qb8 12. Nh4 Rc8 13. Nf5 Bf8 14. b4 Bg6 15. Nh4 Ne8 16. f4 f6 17. Nxg6 hxg6 18. d4 Qc7 19. g4 Qd8 20.
Qd3 exf4 21. Bxf4 g5 22. Bd2 Qe7 23. Qg6 Qf7 24. Qxf7+ Kxf7 25. Bxg5 Nb6 26. c5 Nc4 27. Ra1 a5 28.
Bf4 axb4 29. axb4 Ra3 30. Rxa3 Nxa3 31. Ra1 Nc2 32. Ra7 Rc7 33. b5 Nxd4 34. b6 Rd7 35. e3 dxc5 36. exd4 cxd4 37.
Bxc6 Re7 38. Bd5+ Kg6 39. Na4 Re1+ 40. Kf2 Ra1 41. Be4+ f5 42. Bxf5+ Kf6 43. Nb2 Rh1 44. Be4 Rxh3 45.
Rxb7 g5 46. Rb8 Bd6 47. Rxe8 gxf4 48. b7 Rb3 49. Nc4 d3 50. Nxd6 Rb2+ 51. Ke1 1-0